 Dungeon Crawl Stone Soup version 0.13-a0-2305-ge00d11d (webtiles) character file.

8240 4tharraofdagon the Cleaver (level 10, -3/112 HPs)
             Began as a Djinni Berserker on July 8, 2013.
             Was a High Priest of Trog.
             Slain by an orc warrior
             ... wielding a -1,+1 orcish long sword
              (14 damage)
             ... on Level 4 of the Orcish Mines on July 9, 2013.
             The game lasted 00:30:01 (4293 turns).

4tharraofdagon the Cleaver (Djinni Berserker)       Turns: 4293, Time: 00:30:01

HP  -3/112       AC 15     Str 27      XL: 10   Next: 86%
MP   0/0         EV  6     Int  7      God: Trog [*****.]
Gold 1076        SH  0     Dex 12      Spells:  0 memorised,  9 levels left

Res.Fire  : + + +   See Invis. : .   h - +0,+3 orc battleaxe (flame)
Res.Cold  : x . .   Warding    : .   H - +2 orc plate armour {rPois}
Life Prot.: + + +   Conserve   : .   (no shield)
Res.Poison: +       Res.Corr.  : .   t - +0 spiked helmet
Res.Elec. : .       Clarity    : .   (no cloak)
Sust.Abil.: . .     Spirit.Shd : .   (no gloves)
Res.Mut.  : .       Stasis     : .   (boots unavailable)
Res.Rott. : .       Flight     : .   r - amulet of rage
Saprovore : . . .                    k - ring of magical power
                                     j - ring of regeneration

@: regenerating, berserking, very slightly contaminated, very quick, very
resistant to hostile enchantments, extremely unstealthy
A: no striking features
a: Burn Spellbooks, Berserk, Trog's Hand, Brothers in Arms, Renounce Religion,
Evoke Berserk Rage


You were on level 4 of the Orcish Mines.
You worshipped Trog.
Trog was extremely pleased with you.
You were not hungry.

You visited 2 branches of the dungeon, and saw 15 of its levels.

You collected 1056 gold pieces.

Inventory:

Hand weapons
 a - a +0,-1 hand axe {=f}
 b - a -1,+1 orcish battleaxe
 f - a -1,+0 orcish dire flail
 h - a +0,+3 orcish battleaxe of flaming (weapon)
 q - a -1,+1 orcish dagger (quivered)
 x - a +0,-2 orcish broad axe
 B - a +0,+0 war axe
 C - a +3,+1 dwarven flail of protection
Missiles
 s - 16 javelins
Armour
 t - a +0 spiked helmet (worn)
 H - a +2 orcish plate armour of poison resistance (worn)
Magical devices
 d - a wand of fireball (0)
 u - a wand of cold (0)
Scrolls
 c - a scroll of teleportation {unknown}
 g - 3 scrolls of remove curse
 m - a scroll of enchant weapon I {unknown}
 n - a scroll of curse jewellery {unknown}
 y - 2 scrolls of fear {unknown}
 D - a scroll of noise {unknown}
 E - a scroll of magic mapping {unknown}
Jewellery
 j - a ring of regeneration (left hand)
 k - a ring of magical power (right hand)
 r - an amulet of rage (around neck)
Potions
 e - 2 potions of restore abilities {unknown}
 i - a potion of degeneration
 l - 3 potions of curing
 p - 2 potions of poison {unknown}
 v - a potion of mutation {unknown}
 w - a potion of flight {unknown}
Books
 z - a book of Summonings

   Spells                             Type                      Level
   Abjuration                         Summoning                    3
   Recall                             Summoning/Translocation      3
   Summon Elemental                   Summoning                    4
   Shadow Creatures                   Summoning                    5
   Summon Demon                       Summoning                    5
   Summon Ugly Thing                  Summoning                    6
   Trog disapproves of the use of such an item.


   Skills:
 + Level 3.1 Fighting
 * Level 14.2 Axes
 + Level 5.7 Armour
 - Level 1.7 Dodging


You had 9 spell levels left.
You didn't know any spells.

Dungeon Overview and Level Annotations

Branches:
Dungeon (11/27)            Temple (0/1) D:4             Orc (4/4) D:9
    Elf (0/3) Orc:4
   Lair: D:8-13

Altars:
Okawaru
Trog

Shops:
Orc:1: [(*}= Orc:2: }

Annotations
D:4 4tharraofdagon's ghost, average DjBe
D:5 Prince Ribbit
D:9 Pikel
D:11 tesudzi's ghost, powerful DsMo
Orc:3 Psyche


Message History

You barely miss the orc warrior.
The orc warrior is heavily wounded.
The warg bites you! The warg claws you but does no damage.
The warg claws you but does no damage.
You slice the warg!! You burn the warg.
You feel the power of Trog in you as your rage grows.
You kill the warg!
Trog accepts your kill.
The orc warrior hits you with an orcish long sword!
* * * LOW HITPOINT WARNING * * *
Your plate armour prevents you from hitting the orc warrior.
The orc warrior is heavily wounded.
You barely miss the orc warrior.
The orc warrior is heavily wounded.
The orc warrior hits you with an orcish long sword!
* * * LOW HITPOINT WARNING * * *
You completely miss the orc warrior.
The orc warrior is heavily wounded.
The orc warrior hits you with an orcish long sword!
You die...

...#.............
.........)..>......
.........<..............
........#))..............
.........................
.....).................f.
.........)..............
........%%.#..........$..
.....##@#...............
.... ##o...............
.. ##))..........$.. .
.#.#...............
#..................
#.#............#....
.........#....#....
...#.#.#........#..$
....##............#.


You could see an orc warrior.

Vanquished Creatures
  An orc warlord (Orc:2)
  A hill giant (D:11)
  An orc knight (Orc:2)
  A cyclops (Orc:3)
  Grinder (D:3)
  2 trolls
  9 orc warriors
  2 sky beasts
  An ice beast (D:9)
  6 ogres
  3 black bears (D:8)
  4 wargs
  Duvessa (D:6)
  A centaur (D:10)
  A water moccasin (D:10)
  An eye of draining (D:10)
  Dowan (D:6)
  A crimson imp (D:11)
  9 orc priests
  A centaur skeleton (D:10)
  2 hounds
  2 quasits
  A giant frog skeleton (D:4)
  15 orc wizards
  A scorpion (D:10)
  4 worker ants
  A killer bee zombie (D:5)
  A jelly (D:7)
  A crocodile skeleton (D:5)
  A hound zombie (D:5)
  A mummy (D:10)
  A worker ant zombie (D:5)
  8 adders
  2 gnolls (D:4)
  2 giant centipedes
  2 giant geckos
  83 orcs
  3 bat zombies (D:5)
  11 hobgoblins
  2 jackals (D:4)
  4 quokkas
  A ball python (D:1)
  7 bats
  2 giant newts
  7 goblins
  A goblin zombie (D:5)
  A hobgoblin skeleton (D:5)
  7 kobolds
  2 orc skeletons (D:5)
  4 rats
228 creatures vanquished.

Vanquished Creatures (collateral kills)
  An orc sorcerer (Orc:2)
  An orc zombie (Orc:2)
  2 orc warriors (Orc:2)
  11 orcs (Orc:2)
15 creatures vanquished.

Vanquished Creatures (others)
  A two-headed ogre (Orc:2)
  2 ogres (Orc:2)
  An orc (Orc:2)
4 creatures vanquished.

Grand Total: 247 creatures vanquished

Notes
Turn   | Place    | Note
--------------------------------------------------------------
     0 | D:1      | 4tharraofdagon, the Djinni Berserker, began the quest for the Orb.
     0 | D:1      | Reached XP level 1. HP: 16/16 MP: 0/0
   123 | D:1      | Reached skill level 3 in Axes
   245 | D:2      | Reached XP level 2. EP: 16/22
   396 | D:3      | Noticed Grinder
   410 | D:3      | Killed Grinder
   410 | D:3      | Reached skill level 6 in Axes
   410 | D:3      | Reached XP level 3. EP: 28/28
   410 | D:3      | Reached XP level 4. EP: 35/35
   410 | D:3      | Reached XP level 5. EP: 40/40
   475 | D:3      | Reached XP level 6. EP: 47/47
   477 | D:3      | Acquired Trog's second power
   611 | D:4      | Found a staircase to the Ecumenical Temple.
   716 | D:4      | Reached skill level 7 in Axes
   833 | D:4      | Noticed 4tharraofdagon's ghost (average DjBe)
   847 | D:5      | Entered Level 5 of the Dungeon
   886 | D:5      | Reached XP level 7. EP: 52/53
  1008 | D:5      | Noticed Prince Ribbit
  1296 | D:6      | Noticed Duvessa
  1296 | D:6      | Noticed Dowan
  1311 | D:6      | Killed Duvessa
  1311 | D:6      | Reached skill level 8 in Axes
  1335 | D:6      | Killed Dowan
  1394 | D:7      | Found an iron altar of Okawaru.
  1704 | D:8      | Reached skill level 9 in Axes
  1704 | D:8      | Reached XP level 8. EP: 60/60
  1707 | D:8      | Found a bloodstained altar of Trog.
  1908 | D:9      | Found a staircase to the Orcish Mines.
  1944 | D:10     | Entered Level 10 of the Dungeon
  1944 | D:10     | Noticed a hill giant
  1964 | D:11     | Killed a hill giant
  1964 | D:11     | Reached skill level 10 in Axes
  2020 | D:11     | Noticed tesudzi's ghost (powerful DsMo)
  2086 | D:10     | Reached skill level 11 in Axes
  2094 | D:10     | Reached XP level 9. EP: 65/65
  2228 | D:10     | 4tharraofdagon: nice axe
  2236 | D:9      | Noticed Pikel
  2270 | D:10     | Bloax: -1 Hand axe?
  2270 | D:10     | Bloax: Yes.
  2382 | D:10     | Acquired Trog's third power
  2540 | D:9      | Noticed a troll
  2629 | Orc:1    | Entered Level 1 of the Orcish Mines
  2629 | Orc:1    | Found Ypleqa's Antique Weapon Shop.
  2639 | Orc:1    | 4tharraofdagon: nice!!!!
  2692 | Orc:1    | Found Ataas' Armour Shop.
  2710 | Orc:1    | Reached skill level 12 in Axes
  2746 | Orc:1    | Bloax: It's even better when all but two branded tridents have been cursebranded.
  2761 | Orc:1    | Bloax: wizard hat
  2761 | Orc:1    | Bloax: of DMNS
  2761 | Orc:1    | 4tharraofdagon: nice hat for a djinni
  2761 | Orc:1    | Bloax: That buckler would've been kickass though.
  2761 | Orc:1    | 4tharraofdagon: and nice plate
  2761 | Orc:1    | Bloax: but hey
  2761 | Orc:1    | Bloax: at least you get
  2761 | Orc:1    | Bloax: a leather of rc
  2761 | Orc:1    | Bloax: hahaha
  2761 | Orc:1    | 4tharraofdagon: fu
  2765 | Orc:1    | Found Jakh's General Store.
  2773 | Orc:1    | Bloax: that would've been nice
  2777 | Orc:1    | Bloax: on my octopode
  2783 | Orc:1    | Bloax: but this is not my octopode
  2915 | Orc:1    | Found Xezit's Gadget Shop.
  2915 | Orc:1    | Found Akunakh's Jewellery Boutique.
  3202 | Orc:2    | Noticed an orc sorcerer
  3203 | Orc:2    | Noticed an orc knight
  3223 | Orc:2    | Killed an orc knight
  3225 | Orc:2    | Killed an orc sorcerer
  3236 | Orc:2    | Reached skill level 13 in Axes
  3329 | Orc:2    | Reached XP level 10. EP: 68/72
  3507 | Orc:2    | Noticed an orc warlord
  3529 | Orc:2    | Killed an orc warlord
  3566 | Orc:2    | Bloax: Isn't that broad axe better?
  3566 | Orc:2    | 4tharraofdagon: -2?
  3748 | Orc:2    | Found Qaituwo's Gadget Emporium.
  3893 | Orc:3    | Noticed a cyclops
  3941 | Orc:3    | Killed a cyclops
  3941 | Orc:3    | Reached skill level 5 in Armour
  3985 | Orc:3    | Bloax: yum
  3985 | Orc:3    | 4tharraofdagon: RAGE!
  3992 | Orc:3    | Reached skill level 14 in Axes
  4038 | Orc:3    | Noticed Psyche
  4147 | Orc:4    | Entered Level 4 of the Orcish Mines
  4147 | Orc:4    | Found a staircase to the Elven Halls.
  4163 | Orc:3    | Upgraded the game from 0.13-a0-2301-g23820b6 to 0.13-a0-2305-ge00d11d
  4253 | Orc:4    | Noticed an orc knight
  4293 | Orc:4    | Slain by an orc warrior

Action                   |  1- 3 |  4- 6 |  7- 9 | 10-12 || total
-------------------------+-------+-------+-------+-------++-------
Melee: Hand axe          |    57 |   137 |   381 |       ||   575
       War axe           |       |       |   219 |   131 ||   350
       Battleaxe         |       |       |       |   100 ||   100
Invok: Berserk           |     1 |     2 |    13 |     4 ||    20
       Trog's Hand       |       |       |    12 |     8 ||    20
       Brothers in Arms  |       |       |     1 |     4 ||     5
Evoke: Wand              |       |       |     6 |       ||     6
  Use: Scroll            |       |     1 |     5 |     1 ||     7
       Potion            |       |       |       |     2 ||     2
 Stab: Distracted        |       |       |     1 |       ||     1
